 Dungeon Crawl Stone Soup version 0.26-a0-712-ga5a9c9c9d0 (webtiles) character file.

Game seed: 16364829974441460834

315 kae the Changer (level 6, 0/51 HPs)
             Began as a Naga Transmuter on Nov 2, 2020.
             Slain by Grinder (7 damage)
             ... on level 3 of the Dungeon.
             The game lasted 00:03:33 (2858 turns).

kae the Changer (Naga Transmuter)                   Turns: 2858, Time: 00:03:34

Health: 0/51       AC:  2    Str: 12 (14) XL:     6   Next: 44%
Magic:  6/9        EV: 19    Int: 17 (19) God:
Gold:   132        SH:  0    Dex: 16 (17) Spells: 5/9 levels left

rFire    . . .     SeeInvis +     - Unarmed
rCold    . . .     Faith    .   (shield currently unavailable)
rNeg     . . .     Spirit   .   (armour currently unavailable)
rPois    x         Reflect  .   (helmet currently unavailable)
rElec    .         Harm     .   (cloak currently unavailable)
rCorr    .         Rampage  .   (gloves currently unavailable)
MR       .....                  (no barding)
Stlth    +.........             (no amulet)
HPRegen  0.17/turn              j - +6 ring of intelligence
MPRegen  0.11/turn              (no ring)

@: spider-form
A: tiny, see invisible, spit poison 1, AC +2
a: Spit Poison, End Transformation


You were on level 3 of the Dungeon.
You were a venomous arachnid creature.
You visited 1 branch of the dungeon, and saw 3 of its levels.

You collected 132 gold pieces.

Inventory:

Armour
 a - a +0 robe (melded)
 b - a +1 helmet (melded)
 f - a scarf of shadows (melded)
Jewellery
 j - a +6 ring of intelligence (left front leg)
Scrolls
 e - a scroll of fog
 i - a scroll of identify
 l - 2 scrolls of immolation
Potions
 c - a potion of might
 d - a potion of mutation {unknown}
 g - a potion of brilliance
 k - a potion of resistance


   Skills:
 - Level 1.0 Fighting
 - Level 1.5 Dodging
 + Level 4.6 Unarmed Combat
 - Level 2.0 Spellcasting
 * Level 5.5 Transmutations


You had 5 spell levels left.
You knew the following spells:

 Your Spells              Type           Power        Failure   Level
a - Beastly Appendage     Tmut           ###...       8%          1
b - Spider Form           Tmut/Pois      ##........   38%         3

Your spell library contained the following spells:

 Spells                   Type           Power        Failure   Level
 Wereblood                Tmut           ###.....     11%         2
 Blade Hands              Tmut           ###.......   71%         5
 Ice Form                 Ice/Tmut       ##......     73%         4


Dungeon Overview and Level Annotations

Branches:
Dungeon (3/15)

Altars:
Zin

Annotations:
D:3 Grinder


Innate Abilities, Weirdness & Mutations

You cannot wear boots.
((Your serpentine skin is tough. (AC +2)))
You have supernaturally acute eyesight. (SInv)
((Armour fits poorly on your strangely shaped body.))
((Your system is resistant to poisons. (rPois)))
((You cover ground very slowly.))
You can spit poison.


Message History

Casting: Beastly Appendage (safe; 1% risk of failure)
Confirm with . or Enter, or press ? or * to list all spells.
You feel a numb sensation.
Your horns disappear.
Your +1 helmet unmelds from your body.
You turn into a venomous arachnid creature.
Your scarf of shadows melds into your body.
Your +1 helmet melds into your body.
Your +0 robe melds into your body.
The dungeon's light returns to normal.
Grinder rolls her eyes.
Grinder misses you. Grinder hits you!
* * * LOW HITPOINT WARNING * * *
You writhe in agony.
* * * LOW HITPOINT WARNING * * *
It was a potion of degeneration.
There was something very wrong with that liquid.
You feel weakened.
You feel dopey.
You feel clumsy. Grinder hits you!
You die...

### ### #<# #.# #.#
#.######## #.#
#........# #.#
#.######.# #.# #.#
#.#### ##.# #.# #....#
...# #.# ####s#
######.#####.....5......
........................
.....)..................
####.#.#####.#....#.####
)).#.#.# #.#.......
##.#.#.# # #....# .#
##.#.#.# #.#### .#
##.#.#.#


You could see Grinder.

Vanquished Creatures
  Sigmund (D:2)
  An orc priest (D:3)
  An orc wizard (D:3)
  Robin (D:2)
  A gnoll (D:1)
  An adder (D:2)
  5 dart slugs
  A leopard gecko (D:1)
  4 orcs (D:3)
  A ball python (D:3)
  2 giant cockroaches
  12 goblins
  8 hobgoblins
  3 jackals (D:2)
  7 kobolds
  A quokka (D:2)
  3 bats
  2 frilled lizards
  2 rats
57 creatures vanquished.

Notes
Turn   | Place    | Note
-------+----------+-------------------------------------------
     0 | D:1      | kae the Naga Transmuter began the quest for the Orb.
     0 | D:1      | Reached XP level 1. HP: 18/18 MP: 3/3
   117 | D:1      | Reached XP level 2. HP: 24/25 MP: 5/5
   599 | D:1      | Reached skill level 3 in Transmutations
   656 | D:1      | Reached XP level 3. HP: 23/31 MP: 6/6
   661 | D:1      | Learned a level 3 spell: Spider Form
  1407 | D:2      | Found a glowing silver altar of Zin.
  1499 | D:2      | Noticed Sigmund
  1643 | D:2      | Killed Sigmund
  1643 | D:2      | Reached skill level 4 in Transmutations
  1643 | D:2      | Reached XP level 4. HP: 38/38 MP: 3/7
  1643 | D:2      | Reached XP level 5. HP: 44/44 MP: 3/8
  1742 | D:2      | Noticed Robin
  1756 | D:2      | Killed Robin
  1756 | D:2      | Reached skill level 5 in Transmutations
  1765 | D:2      | Reached XP level 6. HP: 44/51 MP: 4/9
  2848 | D:3      | Noticed Grinder
  2858 | D:3      | Slain by Grinder

Illustrated notes

Levels and vault maps discovered:
D:1:      denvon_arrival_waterhouse, layout_basic
D:2:      layout_loops_ring, lemuel_crystal_altar, eino_curves_03, uniq_robin,
          uniq_sigmund
D:3:      layout_basic, chequers_ecumenical_altar_simple,
          uniq_crazy_yiuf_cottage, uniq_grinder

Skill      XL: |  1  2  3  4  5 |
---------------+----------------+-----
Transmutations | 3 4 5 |  5.5
Unarmed Combat | 4 |  4.6
Fighting       | |  1.0
Dodging        | |  1.5
Spellcasting   | |  2.0

Action                   |  1- 3 |  4- 6 || total
-------------------------+-------+-------++-------
Melee: Unarmed           |    96 |    58 ||   154
       Headbutt          |     8 |     2 ||    10
       Punch             |     2 |       ||     2
 Cast: Beastly Appendage |    14 |    12 ||    26
       Spider Form       |     2 |     4 ||     6
 Abil: Spit Poison       |     9 |     3 ||    12
  Use: Scroll            |    10 |       ||    10
       Potion            |     1 |     1 ||     2
Armor: Robe              |    18 |     9 ||    27
       Skin              |       |     2 ||     2
Dodge: Dodged            |    48 |    35 ||    83

Table legend: (Time is in decaauts)
 A = Elapsed time spent in this place.
 B = Non-inter-level travel time spent in this place.
 C = Inter-level travel time spent in this place.
 D = Time resting spent in this place.
 E = Time spent auto-exploring this place.
 F = Levels seen in this place.
 G = Mean time per level.
                   A        B        C        D        E       F      G
               +--------+--------+--------+--------+--------+-----+--------+
         Total |   3406 |   3328 |     78 |    386 |   2483 |   3 | 1135.3 |
       Dungeon |   3406 |   3328 |     78 |    386 |   2483 |   3 | 1135.3 |
               +--------+--------+--------+--------+--------+-----+--------+

Top non-repeatable levels by time:
     D:2: 1500 daAuts
     D:1: 1243 daAuts
     D:3: 661 daAuts
